 Adventure DCSS version bcrawl-1.18.1 (webtiles) character file.

Game seed: 16613372615541877170

1775 Leeroy the Fighter (level 8, -1/54 HPs)
             Began as a Skeleton Reaver on Nov 10, 2019.
             Was a Priest of Vehumet.
             Slain by a killer bee (2 damage)
             ... in the Ecumenical Temple.
             The game lasted 00:14:20 (6303 turns).

Leeroy the Fighter (Skeleton Reaver)                Turns: 6303, Time: 00:14:21

Health: -1/54      AC:  5    Str: 18    XL:     8   Next: 80%
Magic:  0/12       EV: 12    Int: 13    God:    Vehumet [***...]
Gold:   316        SH:  2    Dex:  9    Spells: 3/13 levels left
                                        Lives:  0   Deaths: 2

rFire    . . .     SeeInvis .   k - +1 war axe (flame)
rCold    + . .     Gourm    .   C - +0 buckler
rNeg     + + +     Faith    .   b - +0 steam dragon scales
rPois    ∞         Spirit   +   (no helmet)
rElec    .         Reflect  .   (no cloak)
rCorr    .         Harm     .   (no gloves)
MR       +....                  (no boots)
Stlth    +.........             (no amulet)
HPRegen  0.18/turn              (no ring)
MPRegen  0.13/turn              (no ring)

@: no status effects
A: no food or potions, cold resistance 1, deterioration 1, negative energy
resistance 3, powered by death 1, torment resistance, unbreathing, magic shield,
sturdy frame 1, spell healing
a: Renounce Religion


You were in the Ecumenical Temple.
You worshipped Vehumet.
Vehumet was most pleased with you.
You were not hungry.

You visited 2 branches of the dungeon, and saw 7 of its levels.

You collected 316 gold pieces.

Inventory:

Hand Weapons
 a - a +0 long sword
 f - a +0 dagger
 k - a +1 war axe of flaming (weapon)
 q - a +0 dagger of venom
 r - a +2 hunting sling of freezing
 v - a +0 dagger
 w - a cursed -3 hunting sling
 x - a +0 blowgun
 z - a +0 long sword
 B - a +0 whip of freezing
 D - a +0 club
 I - a +2 falchion of protection
Missiles
 e - 224 javelins (quivered)
 j - 114 poisoned needles
 n - 801 sling bullets
 t - 566 arrows
 u - 1564 stones
Armour
 b - +0 steam dragon scales (worn)
 s - a +2 chain mail of cold resistance
 C - a +0 buckler (worn)
 H - a +2 robe of fire resistance
Jewellery
 i - an uncursed ring of protection from magic {unknown}
 o - a +2 ring of dexterity
Wands
 p - a wand of polymorph (13)
 y - a wand of flame (20)
Scrolls
 c - 2 scrolls of immolation
 d - 2 scrolls of amnesia {unknown}
 g - a scroll of blinking {unknown}
 h - 8 scrolls of identify {unknown}
 l - 3 scrolls of teleportation {unknown}
 m - 4 scrolls of enchant weapon {unknown}
 A - a scroll of noise {unknown}
 E - a scroll of remove curse {unknown}
 F - 2 scrolls of fog {unknown}
 G - a scroll of fear {unknown}
 J - a scroll of magic mapping {unknown}


   Skills:
 - Level 8.2 Fighting
 - Level 5.6 Long Blades
 - Level 5.4(5.5) Axes
 - Level 1.0(3.5) Maces & Flails
 - Level 2.4 Slings
 - Level 3.0 Dodging
 - Level 3.0 Spellcasting
 + Level 7.1 Conjurations


You had 3 spell levels left.
You knew the following spells:

 Your Spells              Type           Power        Failure   Level  Hunger
a - Sting                 Conj/Pois      ##..         2%          1    N/A
b - Shock                 Conj/Air       ##...        2%          1    N/A
c - Iskenderun's Battles  Conj/Chrm      ##......     50%         5    N/A
d - Inner Flame           Hex/Fire       N/A          28%         3    N/A

Your spell library contained the following spells:

 Spells                   Type           Power        Failure   Level  Hunger
 Yara's Violent Unravell  Hex/Tmut       #.........   65%         4    N/A

Dungeon Overview and Level Annotations

Branches:
Dungeon (6/12)             Temple (1/1) D:6

Altars:


Innate Abilities, Weirdness & Mutations

You do not eat or drink.
You are immune to poison.
Your flesh is cold resistant. (rC+)
Your body sometimes deteriorates upon taking damage.
You are immune to negative energy. (rN+++)
You regenerate a little health from kills.
You are immune to unholy pain and torment.
You can survive without breathing.
When hurt, damage is shared between your health and your magic reserves.
Your movements are slightly less encumbered by armour. (ER -2)
Casting spells heals you.


Message History

You miss the killer bee. The killer bee barely misses you.
The killer bee misses you. The killer bee stings you.
* * * LOW HITPOINT WARNING * * *
The killer bee misses you. The killer bee barely misses you.
You miss the killer bee.
The killer bee is almost dead.
You barely miss the killer bee.
The killer bee stings you but does no damage.
You block the killer bee's attack. The killer bee closely misses you.
The killer bee stings you.
* * * LOW HITPOINT WARNING * * *
The killer bee barely misses you.
Casting: Sting (safe; 2% risk of failure)
Confirm with . or Enter, or press ? or * to list all spells.
Okay, then.
You barely miss the killer bee.
The killer bee is almost dead.
You barely miss the killer bee. The killer bee barely misses you.
You block the killer bee's attack. The killer bee stings you.
You die...

###+###
###.....###
##.........##
#....@y.....#
#....y<.....#
#...........#
##.........##
###.....###
#######


You could see 2 killer bees.

Vanquished Creatures
  Sigmund (D:4)
  2 ice beasts (D:5)
  3 ogres
  2 sky beasts
  A necrophage (D:4)
  2 bullfrogs
  3 scorpions
  2 crimson imps (D:5)
  3 hounds
  A jelly (D:5)
  2 bullfrog skeletons (D:5)
  A centaur zombie (D:5)
  A bullfrog zombie (D:3)
  An orc priest (D:4)
  2 orc wizards (D:3)
  Ijyb (D:3)
  5 worker ants
  2 hound skeletons
  10 gnolls
  5 adders
  An ooze (D:5)
  3 adder skeletons (D:5)
  An adder zombie (D:5)
  3 worms
  7 leopard geckos
  13 orcs
  3 bats
  A giant cockroach (D:1)
  13 goblins
  8 hobgoblins
  3 jackals (D:3)
  A ball python (D:2)
  9 frilled lizards
  A jackal skeleton (D:4)
  13 kobolds
  7 rats
137 creatures vanquished.

Notes
Turn   | Place    | Note
-------+----------+-------------------------------------------
     0 | D:1      | Leeroy the Skeleton Reaver began the quest for the Orb.
     0 | D:1      | Reached XP level 1. HP: 14/14 MP: 4/4
   281 | D:1      | Reached XP level 2. HP: 18/19 MP: 6/6
   773 | D:1      | Reached skill level 5 in Long Blades
   777 | D:1      | Reached * piety under Vehumet
   777 | D:1      | Offered knowledge of Sting by Vehumet.
   780 | D:1      | Learned a level 1 spell: Sting
   846 | D:1      | Reached XP level 3. HP: 23/23 MP: 7/7
  1329 | D:2      | Reached skill level 1 in Axes
  1477 | D:3      | Slain by a bullfrog zombie
  1478 | D:3      | Reached XP level 2. HP: -5/19 MP: 0/6
  1492 | D:3      | Reached XP level 3. HP: 17/23 MP: 5/7
  1629 | D:3      | Noticed Ijyb
  1635 | D:3      | Reached XP level 4. HP: 28/28 MP: 6/8
  1648 | D:3      | Killed Ijyb
  1690 | D:3      | Offered knowledge of Shock by Vehumet.
  1693 | D:3      | Learned a level 1 spell: Shock
  1807 | D:3      | Reached ** piety under Vehumet
  1852 | D:3      | Reached XP level 5. HP: 22/32 MP: 7/9
  1867 | D:3      | Reached skill level 5 in Axes
  2193 | D:4      | Noticed a necrophage
  2610 | D:3      | Learned a level 5 spell: Iskenderun's Battlesphere
  2997 | D:4      | Noticed an ogre
  3041 | D:2      | Reached skill level 1 in Slings
  3243 | D:2      | Gained mutation: You regenerate a little health from kills.
                  | [Skeleton growth]
  3243 | D:2      | Reached XP level 6. HP: 24/37 MP: 7/10
  3257 | D:2      | Reached skill level 1 in Maces & Flails
  3742 | D:3      | Slain by a worker ant
  3743 | D:3      | Reached XP level 5. HP: -1/32 MP: 0/9
  3766 | D:3      | Reached skill level 1 in Conjurations
  4137 | D:4      | Killed a necrophage
  4137 | D:4      | Reached XP level 6. HP: 31/38 MP: 6/10
  4344 | D:4      | Reached skill level 4 in Fighting
  4409 | D:4      | Reached skill level 5 in Fighting
  4536 | D:4      | Reached XP level 7. HP: 31/45 MP: 6/11
  4810 | D:4      | Noticed Sigmund
  4855 | D:4      | Killed Sigmund
  4855 | D:4      | Reached skill level 6 in Fighting
  5105 | D:5      | Entered Level 5 of the Dungeon
  5111 | D:5      | Reached skill level 7 in Fighting
  5241 | D:5      | Offered knowledge of Inner Flame by Vehumet.
  5246 | D:5      | Learned a level 3 spell: Inner Flame
  5284 | D:5      | Reached XP level 8. HP: 49/54 MP: 12/12
  5338 | D:5      | Reached skill level 8 in Fighting
  5437 | D:5      | Reached *** piety under Vehumet
  5666 | D:5      | Reached skill level 5 in Conjurations
  6188 | D:6      | Offered knowledge of Yara's Violent Unravelling by Vehumet.
  6262 | D:6      | Found a staircase to the Ecumenical Temple.
  6289 | Temple   | Entered the Ecumenical Temple
  6302 | Temple   | HP: 1/54 [killer bee (4)]
  6303 | Temple   | Slain by a killer bee

Skill      XL: |  1  2  3  4  5  6  7  8 |
---------------+-------------------------+-----
Long Blades    | 4 5 |  5.6
Axes           | 2 3 4 5 |  5.4
Slings         | 2 |  2.4
Maces & Flails | 1 |  1.0
Conjurations   | 2 7 |  7.1
Fighting       | 5 7 8 |  8.2
Dodging        | |  3.0
Spellcasting   | |  3.0

Action                   |  1- 3 |  4- 6 |  7- 9 || total
-------------------------+-------+-------+-------++-------
Melee: Long sword        |   136 |       |       ||   136
       War axe           |    52 |   160 |   172 ||   384
 Cast: Sting             |     3 |     8 |    13 ||    24
       Shock             |       |     3 |     4 ||     7
 Stab: Sleeping          |       |       |     1 ||     1
Armor: Steam dragon scal |    60 |    54 |    50 ||   164
Dodge: Dodged            |   152 |   115 |   131 ||   398
Block: Other             |     1 |       |       ||     1
       Buckler           |       |    12 |    23 ||    35
